 Dungeon Crawl Stone Soup version 0.21-a0-321-g91e3373 (webtiles) character file.

147275 tidbits the Carver (level 16, -38/165 HPs)
             Began as a Gnoll Skald on Sept 30, 2017.
             Was the Champion of Cheibriados.
             Killed from afar by a hellephant (66 damage)
             ... with a blast of flame
             ... on level 3 of the Abyss.
             The game lasted 02:17:50 (9945 turns).

tidbits the Carver (Gnoll Skald)                    Turns: 9945, Time: 02:17:50

Health: -38/165    AC: 34    Str: 29    XL:     16   Next: 79%
Magic:  14/32      EV: 24    Int: 37    God:    Cheibriados [******]
Gold:   1233       SH: 19    Dex: 30    Spells: 4/39 levels left

rFire    . . .     SeeInvis .     - Unarmed
rCold    . . .     Gourm    .   D - +0 shield {reflect}
rNeg     + . .     Faith    .   (armour currently unavailable)
rPois    ∞         Spirit   .   (no helmet)
rElec    +         Reflect  +   C - +2 cloak {+Inv}
rCorr    .         Harm     .   (gloves currently unavailable)
MR       +....     Rnd*Tele +   (boots currently unavailable)
Stlth    ++++++....             (no amulet)
HPRegen  0.37/turn              W - ring of wizardry
MPRegen  0.23/turn              T - ring of flight

@: statue-form, very slightly contaminated, very slow
A: distributed training, fangs 1, large bone plates 1, clever 1, clumsy 1,
teleportitis 2, wild magic 1, strong nose
}: 2/15 runes: decaying, abyssal
a: End Transformation, Bend Time, Temporal Distortion, Slouch, Step From Time,
Renounce Religion, Evoke Invisibility, Evoke Flight


You were on level 3 of the Abyss.
You worshipped Cheibriados.
Cheibriados was exalted by your worship.
You were not hungry.
You were a stone statue.
You visited 5 branches of the dungeon, and saw 28 of its levels.
You visited the Abyss 1 time.
You also visited: Labyrinth, Sewer and Ice Cave.

You collected 2499 gold pieces.
You spent 1266 gold pieces at shops.

Inventory:

Hand Weapons
 g - a +0 blowgun
Missiles
 e - 281 arrows
 i - 6 curare-tipped needles
 n - 24 tomahawks (quivered)
 G - 2 throwing nets {!f}
Armour
 B - a +0 troll leather armour (melded)
 C - a +2 cloak of invisibility (worn)
   (You took it off Nikola on level 4 of the Swamp)
 D - a +0 shield of reflection (worn)
   (You took it off Donald on level 2 of the Swamp)
 F - a +2 pair of boots (melded)
Jewellery
 l - an uncursed ring of protection from fire
   (You found it on level 14 of the Dungeon)
 w - an uncursed ring of positive energy
   (You found it on level 12 of the Dungeon)
 I - an uncursed ring of see invisible
   (You found it in an ice cave)
 T - a ring of flight (right hand)
   (You found it on level 13 of the Dungeon)
 W - a ring of wizardry (left hand)
   (You found it on level 9 of the Dungeon)
Wands
 a - a wand of enslavement (8/24)
 b - a wand of paralysis (9/24)
 c - a wand of confusion (29/48)
 p - a wand of clouds (6/9)
 s - a wand of iceblast (3/15)
 z - a wand of flame (20/48)
 A - a wand of clouds (3/9)
 X - a wand of disintegration (17/24)
 Y - a wand of lightning (10/15)
Scrolls
 f - a scroll of magic mapping
 j - 7 scrolls of teleportation
 r - 6 scrolls of remove curse
 y - 2 scrolls of fog {unknown}
 E - a scroll of enchant weapon {unknown}
 L - 2 scrolls of immolation {unknown}
 N - 2 scrolls of fear
 Q - 3 scrolls of recharging
Potions
 k - 3 potions of flight
 o - 12 potions of curing
 t - 3 potions of agility
 u - a potion of invisibility
 v - a potion of resistance
 H - a potion of ambrosia
 J - a potion of heal wounds
 K - a potion of cancellation {unknown}
 M - 2 potions of magic
 S - 4 potions of brilliance
 Z - 4 potions of might
Books
 m - a book of Spatial Translocations
   (You found it in an ice cave)

   Spells                             Type                      Level
   a - Blink                          Translocation                2
   b - Shroud of Golubria             Charms/Translocation         2
   c - Lesser Beckoning               Translocation                3
   d - Gell's Gravitas                Translocation                3
   e - Teleport Other                 Translocation                3
   f - Passage of Golubria            Translocation                4
 U - a book of Necromancy
   (You bought it in a shop on level 10 of the Dungeon)

   Spells                             Type                      Level
   a - Pain                           Necromancy                   1
   b - Animate Skeleton               Necromancy                   1
   c - Vampiric Draining              Necromancy                   3
   d - Regeneration                   Charms/Necromancy            3
   e - Animate Dead                   Necromancy                   4
   f - Control Undead                 Necromancy                   4
Miscellaneous
 q - a phial of floods
 x - 2 phantom mirrors
 P - 2 boxes of beasts
Comestibles
 d - 16 bread rations
 R - 2 meat rations


   Skills:
 + Level 11.9 Fighting
 + Level 9.1 Short Blades
 + Level 12.6 Long Blades
 + Level 11.6 Axes
 + Level 10.4 Maces & Flails
 + Level 10.5 Polearms
 + Level 9.0 Staves
 + Level 10.8 Slings
 + Level 10.8 Bows
 + Level 10.8 Crossbows
 + Level 10.8 Throwing
 + Level 10.9 Armour
 + Level 10.9 Dodging
 + Level 11.3 Stealth
   Level 0.0 Stabbing
 + Level 11.0 Shields
   Level 0.0 Traps
 + Level 9.7 Unarmed Combat
 + Level 12.0 Spellcasting
 + Level 9.7 Conjurations
 + Level 10.4 Hexes
 + Level 12.2 Charms
 + Level 10.4 Summonings
 + Level 10.3 Necromancy
 + Level 11.6 Translocations
 + Level 9.3 Transmutations
 + Level 11.0 Fire Magic
 + Level 11.5 Ice Magic
 + Level 9.5 Air Magic
 + Level 10.8 Earth Magic
 + Level 10.3 Poison Magic
 + Level 9.7 Invocations
 + Level 11.3 Evocations


You had 4 spell levels left.
You knew the following spells:

 Your Spells              Type           Power        Failure   Level  Hunger
a - Apportation           Tloc           ######       1%          1    None
b - Blink                 Tloc           N/A          1%          2    None
f - Freezing Cloud        Conj/Ice/Air   #######...   4%          6    ###....
g - Shroud of Golubria    Chrm/Tloc      #######...   1%          2    None
n - Animate Skeleton      Necr           N/A          1%          1    None
r - Regeneration          Chrm/Necr      #######...   1%          3    None
s - Statue Form           Tmut/Erth      #######..    4%          6    ###....
w - Spectral Weapon       Hex/Chrm       #######.     1%          3    None
y - Song of Slaying       Chrm           #######.     1%          2    None
N - Animate Dead          Necr           N/A          1%          4    None
R - Irradiate             Conj/Tmut      #######...   1%          5    None


Dungeon Overview and Level Annotations

Branches:
Dungeon (15/15)            Temple (0/1) D:4            Lair (5/6) D:8
  Swamp (4/4) Lair:3       Spider (2/4) Lair:4          Orc (2/2) D:9
    Elf (0/3) Orc:2        Vaults (0/5) D:13
  Slime: Lair:5-6    Depths: D:15

Altars:
Ashenzari
Cheibriados
Dithmenos
Hepliaklqana
Okawaru
Ru
Trog
Vehumet
Wu Jian
Yredelemnul
Zin

Shops:
D:8 ?   D:10 :   Orc:2 (*[:

Portals:
Trove: D:15 (give +4 fire dragon scales)

Annotations:
D:9 Gastronok
Spider:1 Louise


Innate Abilities, Weirdness & Mutations

Your experience applies equally to all skills.
You have very sharp teeth.
Your uncanny sense of smell can sniff out nearby items.
(You are partially covered in large bone plates. (SH +4))
((You are partially covered in thin metallic scales. (AC +2)))
Your mind is acute. (Int +2)
You are clumsy. (Dex -2)
You are sometimes teleported next to monsters.
Your spells are a little harder to cast, but a little more powerful.


Message History

* * * LOW HITPOINT WARNING * * *
You hold your ground!
Something closely misses you.
The thrashing horror closely misses you.
You block the thrashing horror's attack.
Something barely misses you.
The thrashing horror is engulfed in blazing flames.
Something hits you but does no damage.
You block the thrashing horror's attack.
The thrashing horror completely misses you.
Something hits you but does no damage. You block the sea snake's attack.
The thrashing horror is engulfed in blazing flames.
The lurking horror is engulfed in blazing flames.
The lurking horror explodes!
The sea snake convulses!
Your body is wracked with pain!
* * * LOW HITPOINT WARNING * * *
The hornet convulses!
Something hits you but does no damage.
Unknown command.
Okay, then.
Unknown command.
Casting: Apportation
Confirm with . or Enter, or press ? or * to list all spells.
You blink.
You block something's attack. Something hits you but does no damage.
You block the thrashing horror's attack. x2
Something barely misses you. The thrashing horror misses you.
The thrashing horror closely misses you.
You block something's attack. Something closely misses you.
The hellephant blinks!
Found seven items.
Unknown command.
You feel much better. Something hits you but does no damage.
Something completely misses you. Something barely misses you.
You block the thrashing horror's attack. x2
Something closely misses you.
The thrashing horror closely misses you.
The thrashing horror tramples you but does no damage.
Something hits you but does no damage.
You can feel time thicken for a moment.
Cheibriados thoroughly appreciates the change of pace.
Reactivating autopickup.
You feel a bit more experienced.
Cheibriados thoroughly appreciates the change of pace.
You feel a bit more experienced.
You destroy the thrashing horror!
Cheibriados thoroughly appreciates the change of pace.
You destroy the thrashing horror!
Cheibriados thoroughly appreciates the change of pace. x2
You feel a bit more experienced.
Cheibriados thoroughly appreciates the change of pace.
You feel a bit more experienced.
Cheibriados thoroughly appreciates the change of pace.
You feel a bit more experienced.
You kill the hornet!
Cheibriados thoroughly appreciates the change of pace.
The hornet's shape twists and changes as it dies.
Cheibriados thoroughly appreciates the change of pace.
You feel a bit more experienced.
You feel somewhat more hungry.
Your skin stops crawling.
The crystal guardian fires a crystalline bolt at you.
The crystal bolt burns you!
* * * LOW HITPOINT WARNING * * *
The crystal bolt misses you.
The sea snake bites you but does no damage.
The hellephant blinks!
Unknown command.
You can feel time thicken for a moment.
You kill the sea snake!
Cheibriados thoroughly appreciates the change of pace.
The sea snake's shape twists and changes as it dies.
You feel somewhat more hungry. Something hits you but does no damage.
Deactivating autopickup; reactivate with Ctrl-A.
Something hits you but does no damage.
The crystal guardian fires a crystalline bolt at you.
The crystal bolt freezes something.
Reactivating autopickup.
The crystal bolt freezes you!
* * * LOW HITPOINT WARNING * * *
The crystal bolt misses you.
The hellephant blinks!
The crystal guardian fires a crystalline bolt at you.
The crystal bolt misses you. x2
The crystal bolt freezes the crystal guardian.
The crystal guardian completely resists.
You feel much better. Something barely misses you.
Something completely misses you. You block something's attack.
Deactivating autopickup; reactivate with Ctrl-A.
The large abomination hits you but does no damage.
You can feel time thicken for a moment.
Cheibriados thoroughly appreciates the change of pace.
Reactivating autopickup.
Your Short Blades skill increases to level 9!
Your Spellcasting skill increases to level 12!
You feel a bit more experienced.
You destroy the large abomination!
Cheibriados appreciates the change of pace.
You destroy the crystal guardian!
Cheibriados appreciates the change of pace.
Your Fire Magic skill increases to level 11!
You feel somewhat more hungry. The hellephant breathes flames at you.
The blast of flame hits you!
You die... ## .. .# .###### ...#.#.#.### # .. . ..#......8##(?% # #.. #......†##?/)$(# ...# ##...†.. %φ$[$/[

. #.....RY§X??.([)
# ##
###.....X'(X[?(φ[
.##.
..#.......##?.[/?#
.. # ...#.......
($$ # ....
.#.#.#.#.#.## # #
####.### ##


You could see a hellephant, a thrashing horror and an efreet.

Vanquished Creatures
  Nikola (Swamp:4)
  Jorgrun (Swamp:4)
  The ghost of zero the Executioner, an adept MiBe of Trog (IceCv)
  3 tentacled starspawn (Abyss:3)
  Kirke (Swamp:2)
  3 thorn hunters
  Donald (Swamp:2)
  A frost giant (IceCv)
  An orc warlord (Orc:2)
  Aizul (Spider:1)
  A stone giant (Orc:1)
  A very ugly thing (D:12)
  2 crystal guardians (Abyss:3)
  An ettin (Orc:1)
  A minotaur (Lab)
  A great orb of eyes (shapeshifter) (Abyss:3)
  11 hydras
  6 two-headed ogres
  An alligator (Swamp:2)
  A death yak (IceCv)
  The ghost of tidbits the Charmwright, a novice GnSk of Ashenzari (D:9)
  2 thrashing horrors (Abyss:3)
  5 orc high priests (Orc:2)
  Nergalle (D:11)
  A sixfirhy (Abyss:3)
  10 unseen horrors
  A spriggan druid (Swamp:4)
  A spatial maelstrom (Abyss:3)
  2 shambling mangroves (Swamp:2)
  3 wizards
  2 starcursed masses (Abyss:3)
  6 swamp dragons (Swamp:4)
  A sea snake (shapeshifter) (Abyss:3)
  4 orc knights
  An orb spider (Spider:1)
  A deep elf mage (D:13)
  3 orc sorcerers
  2 oklob plants
  2 wolf spiders (Spider:1)
  11 ugly things
  2 manticores
  A moth of wrath (shapeshifter) (Abyss:3)
  2 cyclopes
  An ice statue (IceCv)
  A moth of wrath (Spider:1)
  4 large abominations (Abyss:3)
  A guardian serpent (Abyss:3)
  A naga mage (Abyss:3)
  2 gargoyles
  Psyche (D:9)
  A rime drake (Lair:2)
  4 komodo dragons
  10 spiny frogs
  2 demonic crawlers (Spider:1)
  An ancient zyme (Abyss:3)
  4 jumping spiders (Spider:1)
  17 polar bears (IceCv)
  10 trolls
  5 hornets
  5 bog bodies
  4 tyrant leeches
  6 hippogriffs
  A raiju (Abyss:3)
  5 blink frogs (Lair:3)
  Grinder (Sewer)
  A hornet (shapeshifter) (Abyss:3)
  3 slime creatures (Swamp:3)
  8 redbacks (Spider:1)
  A spriggan (D:7)
  A shadow (D:14)
  A wraith (D:14)
  4 hogs (Swamp:2)
  8 tarantellas (Spider:1)
  6 wyverns
  23 yaks
  A wyvern (shapeshifter) (D:13)
  Grum (D:11)
  3 basilisks
  A chaos spawn (Abyss:3)
  A neqoxec (Abyss:3)
  A hungry ghost (D:11)
  2 vampire mosquitoes (Swamp:1)
  A spatial vortex (Abyss:3)
  3 swamp worms
  9 insubstantial wisps
  3 wargs (Orc:2)
  A naga (Abyss:3)
  5 water moccasins
  3 porcupines
  A black bear (D:12)
  33 orc warriors
  6 swamp drakes
  A hornet zombie (D:10)
  4 sky beasts
  4 ice beasts
  2 phantoms
  A centaur (D:14)
  2 necrophages
  32 wolves
  8 ogres
  6 crocodiles
  Blork the orc (D:4)
  4 big kobolds
  13 bullfrogs
  A wyvern zombie (D:14)
  3 scorpions (D:10)
  5 killer bees
  4 wights (D:14)
  8 howler monkeys
  2 jellies
  7 crimson imps
  2 centaur zombies
  A bullfrog zombie (D:12)
  A quasit (Sewer)
  8 hounds
  An iron imp (Abyss:3)
  18 orc priests
  21 orc wizards
  Jessica (D:3)
  3 centaur skeletons
  3 iguanas
  Ijyb (D:3)
  7 worker ants
  A killer bee zombie (D:7)
  2 big kobold zombies (Sewer)
  A hound zombie (D:7)
  A hound skeleton (D:11)
  15 adders
  A river rat (D:3)
  7 shadow imps
  11 white imps (Lair:1)
  2 ufetubi (Sewer)
  2 oozes
  A worm (D:3)
  A dart slug (D:1)
  3 leopard geckos
  70 orcs
  12 bats
  2 bat zombies (Sewer)
  8 giant cockroaches
  11 goblins
  5 hobgoblins
  4 jackals (D:9)
  4 quokkas
  4 ball pythons
  7 frilled lizards
  37 kobolds
  A kobold zombie (Sewer)
  A quokka skeleton (D:8)
  A quokka zombie (D:8)
  12 rats
  A briar patch (Swamp:4)
  A fungus (Orc:2)
727 creatures vanquished.

Vanquished Creatures (collateral kills)
  An emperor scorpion (Spider:1)
  3 hydras (Swamp:4)
  2 two-headed ogres
  2 swamp dragons (Swamp:4)
  A shambling mangrove (Swamp:2)
  An orc sorcerer (Orc:2)
  A wolf spider (Spider:1)
  A shining eye (shapeshifter) (D:11)
  A deep elf mage (D:13)
  A spiny frog (Lair:1)
  A komodo dragon (D:11)
  A jumping spider (Spider:1)
  A tengu conjurer (D:13)
  6 hornets
  4 bog bodies
  6 redbacks (Spider:1)
  5 tarantellas (Spider:1)
  A wraith (D:13)
  A swamp worm (Swamp:2)
  A porcupine (Lair:1)
  2 orc warriors
  2 swamp drakes
  2 ogres (Orc:1)
  A crocodile (Lair:1)
  2 bullfrogs
  2 centaur zombies
  An orc wizard (Orc:2)
  A white imp (Lair:1)
  8 orcs
  A kobold (D:13)
63 creatures vanquished.

Vanquished Creatures (others)
  An unseen horror (Abyss:3)
  A guardian serpent (shapeshifter) (Abyss:3)
  A tyrant leech (Swamp:2)
  2 shadows (Swamp:3)
  A tarantella (Spider:1)
  A swamp worm (Swamp:4)
  3 briar patches (Swamp:4)
  2 fungi
  2 lurking horrors (Abyss:3)
  3 plants
  5 spectral weapons
  6 starspawn tentacles (Abyss:3)
28 creatures vanquished.

Grand Total: 818 creatures vanquished

Notes
Turn   | Place    | Note
-------+----------+-------------------------------------------
     0 | D:1      | tidbits the Gnoll Skald began the quest for the Orb.
     0 | D:1      | Reached XP level 1. HP: 20/20 MP: 6/6
    37 | D:1      | Reached skill level 5 in Spellcasting
    62 | D:1      | Reached XP level 2. HP: 26/26 MP: 0/8
    67 | D:1      | Learned a level 2 spell: Song of Slaying
    70 | D:1      | Learned a level 2 spell: Shroud of Golubria
   124 | D:1      | Reached skill level 1 in Throwing
   128 | D:1      | Reached skill level 1 in Stealth
   256 | D:1      | Reached skill level 2 in Stealth
   300 | D:1      | Reached skill level 1 in Hexes
   310 | D:1      | Reached XP level 3. HP: 31/31 MP: 6/9
   330 | D:1      | Learned a level 3 spell: Spectral Weapon
   334 | D:1      | Learned a level 3 spell: Regeneration
   345 | D:1      | Reached skill level 1 in Unarmed Combat
   437 | D:1      | Reached skill level 1 in Earth Magic
   505 | D:2      | Reached skill level 1 in Summonings
   532 | D:2      | Reached skill level 2 in Hexes
   532 | D:2      | Reached skill level 1 in Necromancy
   532 | D:2      | Reached XP level 4. HP: 38/38 MP: 6/11
   537 | D:2      | Reached skill level 1 in Fire Magic
   556 | D:2      | Reached skill level 1 in Poison Magic
   569 | D:2      | Found a snail-covered altar of Cheibriados.
   579 | D:2      | Became a worshipper of Cheibriados the Contemplative
   641 | D:2      | Reached skill level 1 in Translocations
   689 | D:2      | Noticed an earth elemental
   704 | D:2      | Found a shattered altar of Ashenzari.
   708 | D:2      | Saw a vision of the Swamp and the Spider Nest.
   708 | D:2      | Noticed a wolf spider
   708 | D:2      | Noticed a redback
   708 | D:2      | Noticed a redback
   708 | D:2      | Noticed a redback
   708 | D:2      | Noticed a swamp drake
   708 | D:2      | Noticed an alligator
   708 | D:2      | Noticed an alligator
   708 | D:2      | Noticed a bullfrog
   708 | D:2      | Noticed a swamp drake
   708 | D:2      | Noticed a redback
   709 | D:2      | Noticed a redback
   709 | D:2      | Noticed a redback
   760 | D:3      | Reached skill level 1 in Bows
   765 | D:3      | Noticed Ijyb
   782 | D:3      | Killed Ijyb
   782 | D:3      | Reached skill level 1 in Axes
   782 | D:3      | Reached skill level 1 in Polearms
   782 | D:3      | Reached skill level 1 in Crossbows
   782 | D:3      | Reached skill level 1 in Air Magic
   782 | D:3      | Reached skill level 1 in Evocations
   783 | D:3      | Found an iron altar of Okawaru.
   958 | D:3      | Noticed Jessica
   973 | D:3      | Killed Jessica
   973 | D:3      | Reached skill level 5 in Long Blades
   973 | D:3      | Reached skill level 1 in Maces & Flails
   973 | D:3      | Reached skill level 1 in Slings
   973 | D:3      | Reached skill level 2 in Crossbows
   973 | D:3      | Reached skill level 1 in Ice Magic
   973 | D:3      | Reached XP level 5. HP: 31/43 MP: 7/12
   998 | D:3      | Reached * piety under Cheibriados
  1009 | D:3      | Reached skill level 2 in Earth Magic
  1232 | D:3      | Reached skill level 2 in Axes
  1232 | D:3      | Reached skill level 2 in Translocations
  1247 | D:3      | Reached skill level 1 in Invocations
  1253 | D:3      | Found a glowing drain.
  1259 | Sewer    | Entered a sewer
  1328 | Sewer    | Reached ** piety under Cheibriados
  1370 | Sewer    | Reached skill level 2 in Summonings
  1377 | Sewer    | Reached skill level 1 in Conjurations
  1379 | Sewer    | Reached skill level 2 in Throwing
  1399 | Sewer    | Reached skill level 3 in Armour
  1399 | Sewer    | Reached skill level 1 in Shields
  1399 | Sewer    | Reached skill level 2 in Evocations
  1399 | Sewer    | Reached XP level 6. HP: 48/49 MP: 11/14
  1415 | Sewer    | Reached skill level 2 in Unarmed Combat
  1420 | Sewer    | Reached skill level 2 in Shields
  1460 | Sewer    | Reached skill level 5 in Dodging
  1460 | Sewer    | Reached skill level 2 in Fire Magic
  1460 | Sewer    | Reached skill level 2 in Poison Magic
  1463 | Sewer    | Noticed Grinder
  1464 | Sewer    | Found a burning altar of Makhleb.
  1490 | Sewer    | Reached skill level 2 in Necromancy
  1493 | Sewer    | Reached skill level 1 in Transmutations
  1493 | Sewer    | Paralysed by Grinder for 5 turns
  1506 | Sewer    | Reached skill level 2 in Polearms
  1506 | Sewer    | Reached skill level 2 in Bows
  1506 | Sewer    | Reached skill level 2 in Transmutations
  1506 | Sewer    | Reached skill level 2 in Ice Magic
  1506 | Sewer    | Reached XP level 7. HP: 40/55 MP: 4/15
  1508 | Sewer    | Reached skill level 2 in Air Magic
  1509 | Sewer    | Paralysed by Grinder for 2 turns
  1521 | Sewer    | Killed Grinder
  1521 | Sewer    | Reached *** piety under Cheibriados
  1521 | Sewer    | Reached skill level 3 in Axes
  1521 | Sewer    | Reached skill level 3 in Throwing
  1632 | D:4      | Reached skill level 6 in Spellcasting
  1632 | D:4      | Reached skill level 3 in Hexes
  1714 | D:4      | Noticed Blork the orc
  1718 | D:4      | Killed Blork the orc
  1718 | D:4      | Reached skill level 2 in Maces & Flails
  1718 | D:4      | Reached skill level 7 in Charms
  1723 | D:4      | Found a staircase to the Ecumenical Temple.
  1726 | D:4      | Found a glowing silver altar of Zin.
  1775 | D:4      | Reached skill level 5 in Fighting
  1819 | D:5      | Entered Level 5 of the Dungeon
  1856 | D:4      | Reached skill level 3 in Evocations
  1865 | D:5      | Reached skill level 1 in Short Blades
  1865 | D:5      | Reached skill level 4 in Armour
  1879 | D:5      | Found a hazy altar of Hepliaklqana.
  1889 | D:5      | Reached skill level 1 in Staves
  1907 | D:5      | Reached skill level 2 in Short Blades
  1934 | D:5      | Reached skill level 4 in Axes
  1934 | D:5      | Reached skill level 2 in Slings
  1934 | D:5      | Reached skill level 3 in Air Magic
  1934 | D:5      | Reached XP level 8. HP: 45/63 MP: 14/17
  2011 | D:5      | Reached skill level 3 in Stealth
  2011 | D:5      | Reached skill level 2 in Invocations
  2016 | D:5      | Reached skill level 3 in Fire Magic
  2215 | D:6      | Reached skill level 3 in Polearms
  2215 | D:6      | Reached skill level 3 in Shields
  2215 | D:6      | Reached skill level 3 in Necromancy
  2231 | D:6      | Reached skill level 3 in Poison Magic
  2241 | D:6      | Reached skill level 2 in Staves
  2241 | D:6      | Reached skill level 3 in Summonings
  2250 | D:6      | Reached skill level 3 in Translocations
  2288 | D:6      | Reached **** piety under Cheibriados
  2288 | D:6      | Reached skill level 4 in Stealth
  2290 | D:6      | Reached skill level 4 in Throwing
  2329 | D:6      | Reached skill level 3 in Crossbows
  2342 | D:6      | Reached skill level 3 in Bows
  2342 | D:6      | Reached skill level 2 in Conjurations
  2342 | D:6      | Reached skill level 4 in Hexes
  2413 | D:7      | Noticed a hippogriff
  2422 | D:7      | Killed a hippogriff
  2422 | D:7      | Reached skill level 3 in Slings
  2422 | D:7      | Reached skill level 4 in Translocations
  2422 | D:7      | Reached skill level 4 in Fire Magic
  2422 | D:7      | Reached skill level 3 in Ice Magic
  2424 | D:7      | Reached skill level 3 in Unarmed Combat
  2432 | D:7      | Reached skill level 3 in Maces & Flails
  2432 | D:7      | Reached skill level 3 in Earth Magic
  2432 | D:7      | Reached skill level 4 in Evocations
  2441 | D:7      | Reached skill level 5 in Axes
  2441 | D:7      | Reached skill level 4 in Slings
  2441 | D:7      | Reached XP level 9. HP: 69/69 MP: 11/18
  2499 | D:7      | Reached skill level 3 in Transmutations
  2539 | D:7      | Found a bloodstained altar of Trog.
  2614 | D:7      | Reached skill level 4 in Shields
  2615 | D:7      | Reached skill level 4 in Polearms
  2685 | D:7      | Reached skill level 4 in Summonings
  2685 | D:7      | Reached skill level 4 in Earth Magic
  2697 | D:7      | Reached skill level 6 in Fighting
  2697 | D:7      | Reached skill level 4 in Crossbows
  2972 | D:7      | Reached skill level 3 in Staves
  2972 | D:7      | Reached skill level 5 in Throwing
  2982 | D:8      | Found a staircase to the Lair.
  2986 | D:8      | Reached ***** piety under Cheibriados
  3028 | D:8      | Reached skill level 3 in Short Blades
  3028 | D:8      | Reached skill level 4 in Necromancy
  3028 | D:8      | Reached skill level 4 in Poison Magic
  3028 | D:8      | Reached skill level 5 in Evocations
  3057 | D:8      | Reached skill level 5 in Translocations
  3057 | D:8      | Reached skill level 4 in Ice Magic
  3109 | D:8      | Reached skill level 6 in Long Blades
  3109 | D:8      | Reached skill level 5 in Stealth
  3109 | D:8      | Reached skill level 8 in Charms
  3122 | D:8      | Found Etwom's Magic Scroll Shop.
  3130 | D:8      | Bought a scroll of fear for 49 gold pieces
  3130 | D:8      | Bought a scroll of identify for 28 gold pieces
  3130 | D:8      | Bought a scroll of identify for 28 gold pieces
  3130 | D:8      | Bought a scroll of identify for 28 gold pieces
  3130 | D:8      | Bought a scroll of teleportation for 42 gold pieces
  3130 | D:8      | Bought a scroll of noise for 14 gold pieces
  3130 | D:8      | Bought a scroll of identify for 28 gold pieces
  3148 | D:8      | Reached skill level 5 in Hexes
  3148 | D:8      | Reached skill level 4 in Transmutations
  3148 | D:8      | Reached skill level 5 in Fire Magic
  3182 | D:8      | Reached skill level 4 in Bows
  3229 | D:8      | Reached skill level 5 in Slings
  3229 | D:8      | Reached skill level 3 in Invocations
  3231 | D:8      | Reached skill level 4 in Staves
  3231 | D:8      | Reached skill level 3 in Conjurations
  3271 | D:9      | Noticed tidbits's ghost (novice GnSk)
  3300 | D:9      | Killed tidbits's ghost
  3300 | D:9      | Reached skill level 5 in Crossbows
  3300 | D:9      | Reached skill level 5 in Armour
  3300 | D:9      | Reached skill level 7 in Spellcasting
  3300 | D:9      | Reached skill level 6 in Translocations
  3300 | D:9      | Reached skill level 4 in Air Magic
  3300 | D:9      | Reached XP level 10. HP: 71/76 MP: 18/20
  3327 | D:9      | Noticed Gastronok
  3368 | D:8      | Reached skill level 5 in Necromancy
  3376 | D:8      | Gained mutation: Your mind is acute. (Int +2) [mutagenic meat]
  3377 | D:8      | Gained mutation: You have a pair of small horns on your head. [mutagenic meat]
  3378 | D:8      | Gained mutation: You are occasionally teleported next to monsters. [mutagenic meat]
  3414 | D:9      | Found a radiant altar of Vehumet.
  3427 | D:9      | Found a shadowy altar of Dithmenos.
  3450 | D:9      | Reached skill level 6 in Throwing
  3450 | D:9      | Reached skill level 6 in Dodging
  3467 | D:9      | Found a staircase to the Orcish Mines.
  3491 | D:9      | Reached skill level 5 in Polearms
  3491 | D:9      | Reached skill level 5 in Summonings
  3491 | D:9      | Reached skill level 5 in Ice Magic
  3497 | D:9      | Reached skill level 4 in Short Blades
  3499 | D:9      | Reached skill level 4 in Maces & Flails
  3499 | D:9      | Reached skill level 5 in Bows
  3549 | D:9      | Found a sacrificial altar of Ru.
  3556 | D:9      | Reached skill level 4 in Unarmed Combat
  3559 | D:9      | Reached skill level 5 in Shields
  3588 | D:10     | Entered Level 10 of the Dungeon
  3592 | D:10     | Reached skill level 6 in Axes
  3592 | D:10     | Reached skill level 4 in Conjurations
  3592 | D:10     | Reached skill level 5 in Poison Magic
  3599 | D:10     | Reached skill level 5 in Earth Magic
  3608 | D:10     | Reached skill level 7 in Long Blades
  3745 | D:10     | Reached ****** piety under Cheibriados
  3745 | D:10     | Reached skill level 6 in Evocations
  3757 | D:10     | Reached skill level 7 in Throwing
  3757 | D:10     | Reached skill level 6 in Armour
  3757 | D:10     | Reached skill level 4 in Invocations
  3766 | D:10     | Reached skill level 8 in Spellcasting
  3766 | D:10     | Reached skill level 5 in Transmutations
  3773 | D:10     | Reached skill level 6 in Fire Magic
  3789 | D:10     | Found Gummaur's Book Emporium.
  3792 | D:10     | Bought a book of Necromancy for 360 gold pieces
  3794 | D:10     | Learned a level 1 spell: Animate Skeleton
  3799 | D:10     | Learned a level 4 spell: Animate Dead
  3804 | D:10     | Learned a level 4 spell: Control Undead
  3893 | D:9      | Noticed Psyche
  3906 | D:9      | Killed Psyche
  3906 | D:9      | Reached skill level 5 in Staves
  3906 | D:9      | Reached XP level 11. HP: 83/83 MP: 18/23
  3922 | D:9      | Reached skill level 6 in Necromancy
  3925 | D:9      | Reached skill level 7 in Dodging
  3956 | D:9      | Learned a level 6 spell: Statue Form
  3960 | D:9      | Learned a level 1 spell: Apportation
  3966 | D:9      | Learned a level 5 spell: Irradiate
  4012 | D:10     | Reached skill level 7 in Fighting
  4061 | D:10     | Killed an unseen horror
  4061 | D:10     | Reached skill level 6 in Hexes
  4061 | D:10     | Reached skill level 6 in Ice Magic
  4101 | D:11     | Noticed Nergalle
  4105 | D:11     | Noticed a spectral orc warlord
  4115 | D:11     | Reached skill level 6 in Slings
  4129 | D:11     | Noticed a two-headed ogre
  4134 | D:11     | Killed a two-headed ogre
  4134 | D:11     | Reached skill level 5 in Invocations
  4140 | D:11     | Killed Nergalle
  4140 | D:11     | Reached skill level 5 in Conjurations
  4140 | D:11     | Reached skill level 5 in Air Magic
  4218 | D:12     | Reached skill level 7 in Axes
  4218 | D:12     | Reached skill level 5 in Unarmed Combat
  4252 | D:11     | Killed an unseen horror
  4252 | D:11     | Reached skill level 6 in Stealth
  4252 | D:11     | Reached skill level 6 in Shields
  4252 | D:11     | Reached skill level 7 in Necromancy
  4253 | D:11     | Reached skill level 9 in Charms
  4253 | D:11     | Reached skill level 7 in Translocations
  4257 | D:11     | Reached skill level 6 in Polearms
  4257 | D:11     | Reached skill level 6 in Summonings
  4264 | D:11     | Noticed Grum
  4266 | D:11     | Reached skill level 6 in Crossbows
  4278 | D:11     | Killed Grum
  4278 | D:11     | Reached skill level 6 in Bows
  4278 | D:11     | Reached skill level 7 in Fire Magic
  4336 | D:11     | Noticed a four-headed hydra
  4362 | D:11     | Killed a four-headed hydra
  4362 | D:11     | Reached skill level 7 in Evocations
  4364 | D:11     | Noticed a two-headed ogre
  4367 | D:11     | Reached skill level 8 in Throwing
  4371 | D:11     | Noticed a shining eye
  4371 | D:11     | Killed a two-headed ogre
  4371 | D:11     | Reached skill level 8 in Long Blades
  4371 | D:11     | Reached skill level 5 in Maces & Flails
  4371 | D:11     | Reached skill level 6 in Unarmed Combat
  4371 | D:11     | Reached skill level 7 in Ice Magic
  4371 | D:11     | Reached skill level 6 in Poison Magic
  4372 | D:11     | Killed a shining eye
  4386 | D:11     | Reached skill level 8 in Fighting
  4399 | D:12     | Noticed a green ugly thing
  4399 | D:12     | Noticed a green ugly thing
  4401 | D:12     | Noticed a purple ugly thing
  4401 | D:12     | Noticed a green ugly thing
  4401 | D:12     | Noticed a red ugly thing
  4406 | D:12     | Noticed a red ugly thing
  4410 | D:12     | Killed a red ugly thing
  4410 | D:12     | Reached skill level 6 in Earth Magic
  4418 | D:12     | Killed a purple ugly thing
  4418 | D:12     | Reached XP level 12. HP: 92/92 MP: 14/24
  4420 | D:12     | Reached skill level 7 in Slings
  4420 | D:12     | Reached skill level 7 in Bows
  4429 | D:12     | Reached skill level 5 in Short Blades
  4429 | D:12     | Reached skill level 7 in Armour
  4452 | D:12     | Noticed a red very ugly thing
  4465 | D:12     | Killed a red very ugly thing
  4465 | D:12     | Reached skill level 7 in Stealth
  4465 | D:12     | Reached skill level 7 in Hexes
  4465 | D:12     | Reached skill level 8 in Evocations
  4472 | D:12     | Reached skill level 6 in Air Magic
  4536 | D:12     | Reached skill level 8 in Dodging
  4536 | D:12     | Reached skill level 7 in Shields
  4599 | D:12     | Reached skill level 6 in Transmutations
  4657 | D:12     | Reached skill level 7 in Polearms
  4657 | D:12     | Reached skill level 8 in Translocations
  4682 | D:12     | Reached skill level 7 in Summonings
  4954 | D:13     | Reached skill level 8 in Axes
  4954 | D:13     | Reached skill level 6 in Staves
  4961 | D:13     | Got a twisted ring mail
  4994 | D:13     | Reached skill level 9 in Long Blades
  4997 | D:13     | Reached skill level 6 in Conjurations
  5035 | D:13     | Identified the cursed +0 ring mail "Doineul" {*Corrode rElec rPois rN+} (You found it on level 13 of the Dungeon)
  5081 | D:13     | Reached skill level 8 in Fire Magic
  5083 | D:13     | Reached skill level 7 in Crossbows
  5144 | D:13     | Noticed a two-headed ogre
  5149 | D:13     | Killed a two-headed ogre
  5157 | D:13     | Reached skill level 9 in Spellcasting
  5164 | D:13     | Found a gate to the Vaults.
  5164 | D:13     | Noticed a two-headed ogre
  5171 | D:13     | Reached skill level 6 in Maces & Flails
  5171 | D:13     | Reached skill level 6 in Invocations
  5174 | D:13     | Killed a two-headed ogre
  5190 | D:13     | Noticed a two-headed ogre
  5198 | D:13     | Killed a two-headed ogre
  5201 | D:13     | Reached skill level 8 in Armour
  5201 | D:13     | Reached skill level 10 in Charms
  5201 | D:13     | Reached skill level 7 in Earth Magic
  5206 | D:13     | Reached skill level 7 in Unarmed Combat
  5229 | D:13     | Reached skill level 9 in Fighting
  5229 | D:13     | Reached XP level 13. HP: 101/101 MP: 23/26
  5373 | D:14     | Reached skill level 7 in Poison Magic
  5405 | D:14     | Reached skill level 8 in Necromancy
  5466 | D:14     | Reached skill level 8 in Ice Magic
  5487 | D:13     | Reached skill level 8 in Summonings
  5495 | D:13     | Identified a scroll of acquirement
  5498 | D:13     | Got an ancient iron ring
  5500 | D:13     | Identified the ring "Illeh" {Fire Str+2 Int+2 Dex-4 Stlth+} (You acquired it on level 13 of the Dungeon)
  5533 | D:14     | Reached skill level 8 in Hexes
  5603 | D:14     | Reached skill level 8 in Slings
  5776 | D:15     | Entered Level 15 of the Dungeon
  5804 | D:15     | Reached skill level 8 in Stealth
  5840 | D:15     | Found a portal to a secret trove of treasure.
  5890 | D:15     | Reached skill level 9 in Axes
  5890 | D:15     | Reached skill level 8 in Bows
  5895 | D:15     | Reached skill level 7 in Maces & Flails
  5895 | D:15     | Reached skill level 9 in Translocations
  5898 | D:15     | Gained mutation: You are partially covered in icy blue scales. (AC +2) [mutagenic meat]
  5899 | D:15     | Gained mutation: Armour fits poorly on your strangely shaped body. [mutagenic meat]
  5900 | D:15     | Gained mutation: You expend magic power (3 MP) to strengthen your wands. [mutagenic meat]
  5961 | D:15     | Reached skill level 7 in Air Magic
  5961 | D:15     | Reached skill level 9 in Evocations
  5962 | D:15     | Found a shadowy altar of Dithmenos.
  6045 | D:15     | Reached skill level 6 in Short Blades
  6045 | D:15     | Reached skill level 9 in Dodging
  6045 | D:15     | Reached skill level 7 in Transmutations
  6046 | D:15     | Reached skill level 9 in Fire Magic
  6198 | D:11     | Found a basalt altar of Yredelemnul.
  6237 | D:10     | Lost mutation: Armour fits poorly on your strangely shaped body. [potion of mutation]
  6237 | D:10     | Lost mutation: You are partially covered in icy blue scales. (AC +2) [potion of mutation]
  6237 | D:10     | Lost mutation: You expend magic power (3 MP) to strengthen your wands. [potion of mutation]
  6237 | D:10     | Gained mutation: You are resistant to hostile enchantments. (MR+) [potion of mutation]
  6237 | D:10     | Gained mutation: You are sometimes teleported next to monsters. [potion of mutation]
  6237 | D:10     | Gained mutation: You are partially covered in thin metallic scales. (AC +2) [potion of mutation]
  6238 | D:10     | Lost mutation: You have a pair of small horns on your head. [potion of mutation]
  6238 | D:10     | Lost mutation: Your mind is acute. (Int +2) [potion of mutation]
  6238 | D:10     | Lost mutation: You are resistant to hostile enchantments. (MR+) [potion of mutation]
  6238 | D:10     | Gained mutation: You are partially covered in large bone plates. (SH +4) [potion of mutation]
  6238 | D:10     | Gained mutation: Your spells are a little harder to cast, but a little more powerful. [potion of mutation]
  6238 | D:10     | Gained mutation: Your mind is acute. (Int +2) [potion of mutation]
  6361 | Orc:1    | Entered Level 1 of the Orcish Mines
  6361 | Orc:1    | Noticed a stone giant
  6377 | Orc:1    | Killed a stone giant
  6377 | Orc:1    | Reached skill level 8 in Crossbows
  6385 | Orc:1    | Reached skill level 7 in Invocations
  6515 | Orc:1    | Reached skill level 10 in Long Blades
  6541 | Orc:1    | Noticed an ettin
  6547 | Orc:1    | Killed an ettin
  6547 | Orc:1    | Reached skill level 7 in Staves
  6731 | Orc:2    | Entered Level 2 of the Orcish Mines
  6740 | Orc:2    | Found Ymotujop's Antique Armour Boutique.
  6741 | Orc:2    | Paralysed by an orc sorcerer for 2 turns
  6744 | Orc:2    | Reached skill level 8 in Earth Magic
  6744 | Orc:2    | Reached skill level 7 in Conjurations
  6762 | Orc:2    | Noticed an orc warlord
  6769 | Orc:2    | Reached skill level 8 in Polearms
  6769 | Orc:2    | Reached XP level 14. HP: 69/109 MP: 0/27
  6771 | Orc:2    | Reached skill level 10 in Spellcasting
  6773 | Orc:2    | Killed an orc warlord
  6773 | Orc:2    | Reached skill level 8 in Maces & Flails
  6773 | Orc:2    | Reached skill level 9 in Slings
  6773 | Orc:2    | Reached skill level 9 in Throwing
  6773 | Orc:2    | Reached skill level 9 in Armour
  6773 | Orc:2    | Reached skill level 8 in Shields
  6798 | Orc:2    | Reached skill level 9 in Necromancy
  6806 | Orc:2    | Found a staircase to the Elven Halls.
  6806 | Orc:2    | Reached skill level 10 in Fighting
  6806 | Orc:2    | Reached skill level 9 in Crossbows
  6806 | Orc:2    | Reached skill level 9 in Ice Magic
  6860 | Orc:2    | Found Keczivio's Book Emporium.
  6877 | Orc:2    | Reached skill level 9 in Bows
  6877 | Orc:2    | Reached skill level 10 in Translocations
  6883 | Orc:2    | Found Rodghop's Antique Weapon Shoppe.
  6950 | Orc:2    | Reached skill level 9 in Stealth
  6987 | Orc:2    | Found Noreock's General Store.
  6999 | Orc:2    | Bought a potion of magic for 104 gold pieces
  6999 | Orc:2    | Bought a scroll of magic mapping for 45 gold pieces
  7251 | D:10     | Bought a book of Clouds for 540 gold pieces
  7258 | D:10     | Learned a level 6 spell: Freezing Cloud
  7357 | Lair:1   | Entered Level 1 of the Lair of Beasts
  7376 | Lair:1   | Reached skill level 7 in Short Blades
  7406 | Lair:1   | Reached skill level 8 in Air Magic
  7406 | Lair:1   | Reached skill level 10 in Axes
  7428 | Lair:1   | Found a frozen archway.
  7474 | IceCv    | Entered an ice cave
  7545 | IceCv    | Reached skill level 9 in Hexes
  7601 | IceCv    | Reached skill level 11 in Charms
  7613 | IceCv    | Reached skill level 8 in Unarmed Combat
  7676 | IceCv    | Reached skill level 10 in Evocations
  7685 | IceCv    | Noticed zero's ghost (adept MiBe)
  7708 | IceCv    | Killed zero's ghost
  7708 | IceCv    | Reached skill level 8 in Poison Magic
  7708 | IceCv    | Reached skill level 8 in Invocations
  7767 | IceCv    | Reached skill level 8 in Transmutations
  7816 | IceCv    | Reached skill level 9 in Earth Magic
  7818 | IceCv    | Reached skill level 9 in Shields
  7865 | IceCv    | Noticed a frost giant
  7874 | IceCv    | Killed a frost giant
  7883 | IceCv    | Reached skill level 10 in Crossbows
  7889 | IceCv    | Reached skill level 10 in Ice Magic
  7941 | Lair:1   | Reached skill level 9 in Summonings
  7965 | Lair:2   | Reached skill level 11 in Long Blades
  8002 | Lair:2   | Found a labyrinth entrance.
  8013 | Lab      | Entered a labyrinth
  8279 | Lab      | Reached skill level 9 in Maces & Flails
  8279 | Lab      | Reached skill level 10 in Armour
  8296 | Lab      | Identified Sif Muna's Guide on Mutagenic Augmentations
  8297 | Lab      | Got an encrusted great sword
  8347 | Lair:2   | Found an ornate altar of the Wu Jian Council.
  8354 | Lair:2   | Reached XP level 15. HP: 115/115 MP: 23/29
  8377 | Lair:3   | Found a staircase to the Swamp.
  8394 | Swamp:1  | Entered Level 1 of the Swamp
  8407 | Swamp:1  | Reached skill level 10 in Dodging
  8423 | Swamp:2  | Noticed a thorn hunter
  8429 | Swamp:2  | Killed a thorn hunter
  8429 | Swamp:2  | Reached skill level 10 in Fire Magic
  8437 | Swamp:2  | Noticed Kirke
  8450 | Swamp:2  | Killed Kirke
  8450 | Swamp:2  | Reached skill level 10 in Shields
  8454 | Swamp:2  | Reached skill level 9 in Poison Magic
  8477 | Swamp:2  | Noticed a thorn hunter
  8481 | Swamp:2  | Killed a thorn hunter
  8481 | Swamp:2  | Reached skill level 8 in Conjurations
  8502 | Swamp:2  | Noticed Donald
  8504 | Swamp:2  | Reached skill level 10 in Throwing
  8504 | Swamp:2  | Reached skill level 10 in Stealth
  8504 | Swamp:2  | Killed Donald
  8504 | Swamp:2  | Reached skill level 9 in Polearms
  8517 | Swamp:2  | Reached skill level 8 in Staves
  8703 | Swamp:4  | Entered Level 4 of the Swamp
  8709 | Swamp:4  | Learned a level 2 spell: Blink
  8709 | Swamp:4  | Noticed Nikola
  8723 | Swamp:4  | Killed Nikola
  8723 | Swamp:4  | Reached skill level 8 in Short Blades
  8723 | Swamp:4  | Reached skill level 11 in Axes
  8723 | Swamp:4  | Reached skill level 11 in Spellcasting
  8723 | Swamp:4  | Reached skill level 9 in Air Magic
  8737 | Swamp:4  | Reached skill level 10 in Bows
  8737 | Swamp:4  | Reached skill level 9 in Unarmed Combat
  8739 | Swamp:4  | Noticed Jorgrun
  8749 | Swamp:4  | Killed Jorgrun
  8749 | Swamp:4  | Reached skill level 10 in Earth Magic
  8760 | Swamp:4  | Reached skill level 10 in Slings
  8763 | Swamp:4  | Noticed a thorn hunter
  8801 | Swamp:3  | Reached skill level 11 in Fighting
  8826 | Swamp:4  | Reached skill level 10 in Summonings
  8839 | Swamp:4  | Reached skill level 10 in Hexes
  8854 | Swamp:4  | Killed a thorn hunter
  8893 | Swamp:4  | Reached skill level 10 in Maces & Flails
  8893 | Swamp:4  | Reached XP level 16. HP: 125/125 MP: 28/31
  8905 | Swamp:4  | Got a decaying rune of Zot
  8914 | Swamp:4  | Learned a level 2 spell: Shroud of Golubria
  8954 | Swamp:2  | Reached skill level 12 in Long Blades
  9132 | Lair:3   | Reached skill level 10 in Necromancy
  9135 | Lair:3   | Reached skill level 11 in Translocations
  9148 | Lair:3   | Reached skill level 9 in Conjurations
  9148 | Lair:3   | Reached skill level 11 in Ice Magic
  9474 | Lair:4   | Found a hole to the Spider Nest.
  9493 | Spider:1 | Entered Level 1 of the Spider Nest
  9493 | Spider:1 | Noticed Aizul
  9502 | Spider:1 | Noticed Louise
  9505 | Spider:1 | Killed Aizul
  9505 | Spider:1 | Reached skill level 10 in Polearms
  9505 | Spider:1 | Reached skill level 11 in Evocations
  9525 | Spider:1 | Reached skill level 9 in Invocations
  9528 | Spider:1 | Reached skill level 10 in Poison Magic
  9638 | Spider:1 | Reached skill level 11 in Stealth
  9670 | Spider:1 | Cast into level 3 of the Abyss (Louise)
  9696 | Abyss:3  | Noticed a tentacled starspawn
  9699 | Abyss:3  | Killed a tentacled starspawn
  9699 | Abyss:3  | Reached skill level 12 in Charms
  9727 | Abyss:3  | Noticed a tentacled starspawn
  9734 | Abyss:3  | Killed a tentacled starspawn
  9776 | Abyss:3  | Gained mutation: You are clumsy. (Dex -2) [a neqoxec]
  9809 | Abyss:3  | Reached skill level 11 in Shields
  9819 | Abyss:3  | Noticed a tentacled starspawn
  9846 | Abyss:3  | Killed a tentacled starspawn
  9846 | Abyss:3  | Reached skill level 9 in Staves
  9846 | Abyss:3  | Reached skill level 9 in Transmutations
  9917 | Abyss:3  | Noticed a bone dragon
  9934 | Abyss:3  | Noticed a hellephant
  9938 | Abyss:3  | Got an abyssal rune of Zot
  9943 | Abyss:3  | HP: 5/165 [crystal guardian/crystal bolt (31)]
  9945 | Abyss:3  | Reached skill level 9 in Short Blades
  9945 | Abyss:3  | Reached skill level 12 in Spellcasting
  9945 | Abyss:3  | Reached skill level 11 in Fire Magic
  9945 | Abyss:3  | Killed from afar by a hellephant

Vault maps used:
D:1:      dpeg_arrival_tiny_k
D:2:      led_sif_pool, cheibriados_altar_1, nicolae_qazlal_style_of_elements,
          first_bread, grunt_ashenzari_visionary
D:3:      tso_altar, okawaru_ov_weapons_minmay, portal_sewer_entry_e, uniq_ijyb,
          uniq_jessica
D:4:      lemuel_round_altar, minmay_temple_entry_statues_pillars,
          uniq_blork_the_orc
D:5:      kennysheep_mini, nicolae_ru_great_annihilating_truth
D:6:      uniq_grinder
D:7:      kennysheep_mini_moat, the_bakery
D:8:      lair_entry_dummy, serial_shops, shop
D:9:      grunt_temple_overflow_growth_and_decay,
          nicolae_overflow_crystal_walls, grunt_temple_overflow_open,
          orc_0_dummy, uniq_gastronok, uniq_psyche
D:10:     serial_shops, nicolae_shop_behind_doors, kennysheep_kite_vault
D:11:     minmay_ruined_shrine, uniq_grum, uniq_nergalle
D:12:     cheibrodos_breeding_chamber
D:13:     david_vaults_1, minmay_misc_feat_four_crosses
D:15:     grunt_enter_depths_snipers, enter_trove_1, basic_altar,
          hangedman_abyss_or_decor_passed
Lair:1:   portal_ice_cave_entry_imps, serial_bayou_shore_a, grunt_megastairs_2,
          minmay_lair_oklob_chamber, lemuel_fruit_fields
Lair:2:   lab_entry_generic, cheibrodos_lair_caveside_slide, lemuel_oklob_altar
Lair:3:   swamp_mist
Lair:4:   spider_nest_entry_rubble, grunt_megastairs_3, serial_bayou_shore_b
Lair:5:   minmay_another_anthill, lemuel_fruit_tree, serial_bayou_shore_b
Swamp:1:  evilmike_swamp_ruin_house_6, uniq_josephine
Swamp:2:  serial_swamp_ruin, evilmike_swamp_ruin_house_5,
          evilmike_swamp_ruin_rubble_1, evilmike_swamp_ruin_house_4, uniq_kirke,
          uniq_donald
Swamp:3:  infiniplex_staircase_pool
Swamp:4:  swamp_alternative, uniq_nikola, uniq_jorgrun, uniq_bai_suzhen
Spider:1: nicolae_spider_webbed_stairs, uniq_louise, uniq_aizul
Spider:2: uniq_roxanne
Orc:1:    mines3_lemuel
Orc:2:    grunt_orc_gardens, grunt_orc_garden, grunt_orc_garden,
          grunt_orc_garden, grunt_orc_garden
Lab:      labyrinth_hidden_loot, labyrinth_skeletal_remains
Sewer:    kennysheep_sewer_church
IceCv:    ice_cave_caverns_01

Skill      XL: |  1  2  3  4  5  6  7  8  9 10 11 12 13 14 15 16 |
---------------+-------------------------------------------------+-----
Spellcasting   | 5 6 7 8 9 10 11 12 | 12.0
Throwing       | 1 2 3 4 5 7 8 9 10 | 10.8
Stealth        | 2 4 5 6 7 8 9 10 11 | 11.3
Hexes          | 1 2 3 4 5 6 7 8 9 10 | 10.4
Unarmed Combat | 1 2 3 4 6 7 8 9 |  9.7
Earth Magic    | 1 2 3 4 5 6 7 8 9 10 | 10.8
Summonings     | 1 2 3 4 5 6 7 8 9 10 | 10.4
Necromancy     | 1 2 3 4 5 7 8 9 10 | 10.3
Fire Magic     | 1 2 4 5 6 7 8 9 10 11 | 11.0
Poison Magic   | 1 2 3 4 5 6 7 8 9 10 | 10.3
Translocations | 1 2 4 6 7 8 9 10 11 | 11.6
Bows           | 1 2 3 4 5 6 7 8 9 10 | 10.8
Axes           | 1 2 4 5 6 7 8 9 10 11 | 11.6
Polearms       | 1 2 3 4 5 6 7 8 9 10 | 10.5
Crossbows      | 2 3 5 6 7 8 10 | 10.8
Air Magic      | 1 3 4 5 6 7 8 9 |  9.5
Evocations     | 1 2 3 4 5 6 7 8 9 10 11 | 11.3
Long Blades    | 5 6 7 8 9 10 11 12 | 12.6
Maces & Flails | 1 2 3 4 5 6 7 9 10 | 10.4
Slings         | 1 2 4 5 6 7 8 9 10 | 10.8
Ice Magic      | 1 2 3 4 5 7 8 10 11 | 11.5
Invocations    | 1 2 3 4 5 6 7 8 9 |  9.7
Conjurations   | 1 2 3 4 5 6 7 8 9 |  9.7
Armour         | 3 4 5 6 8 10 | 10.9
Shields        | 1 2 3 4 5 6 7 9 10 11 | 11.0
Dodging        | 5 6 7 8 9 10 | 10.9
Transmutations | 2 4 5 6 7 8 9 |  9.3
Charms         | 7 8 9 10 11 12 | 12.2
Fighting       | 5 6 8 9 10 11 | 11.9
Short Blades   | 2 3 4 5 6 7 8 9 |  9.1
Staves         | 1 2 4 5 6 7 8 9 |  9.0

Action                   |  1- 3 |  4- 6 |  7- 9 | 10-12 | 13-15 | 16-18 || total
-------------------------+-------+-------+-------+-------+-------+-------++-------
Melee: Falchion          |    65 |   203 |    44 |       |       |       ||   312
       Bite              |     6 |    28 |    58 |    69 |   126 |    42 ||   329
       Punch             |       |     2 |     9 |     1 |       |       ||    12
       Dagger            |       |       |    38 |       |       |       ||    38
       Long sword        |       |       |    58 |       |       |       ||    58
       Whip              |       |       |    96 |   353 |   105 |       ||   554
       Headbutt          |       |       |       |   128 |    43 |       ||   171
       Unarmed           |       |       |       |       |   535 |   205 ||   740
 Fire: Hunting sling     |       |     9 |       |       |       |       ||     9
       Blowgun           |       |       |       |       |       |     2 ||     2
Throw: Tomahawk          |       |       |       |     4 |     3 |       ||     7
       Stone             |       |       |       |     1 |       |       ||     1
 Cast: Infusion          |     8 |     5 |     1 |       |       |       ||    14
       Spectral Weapon   |     1 |    12 |    34 |    31 |     4 |       ||    82
       Shroud of Golubri |     1 |     4 |    12 |     3 |       |       ||    20
       Regeneration      |     1 |     2 |    11 |    10 |    15 |     6 ||    45
       Song of Slaying   |       |       |       |     1 |     1 |       ||     2
       Statue Form       |       |       |       |    16 |    54 |    17 ||    87
       Animate Skeleton  |       |       |       |    10 |    22 |       ||    32
       Apportation       |       |       |       |    17 |    76 |    37 ||   130
       Animate Dead      |       |       |       |     5 |    22 |     5 ||    32
       Irradiate         |       |       |       |     2 |    21 |     6 ||    29
       Freezing Cloud    |       |       |       |       |     1 |       ||     1
       Blink             |       |       |       |       |     1 |     2 ||     3
Invok: Bend Time         |       |       |       |     1 |     9 |     3 ||    13
       Temporal Distorti |       |       |       |       |     2 |       ||     2
       Slouch            |       |       |       |       |     1 |     3 ||     4
       Step From Time    |       |       |       |       |       |     1 ||     1
 Abil: End Transformatio |       |       |       |     1 |       |       ||     1
Evoke: Wand              |       |     1 |     4 |     2 |    12 |       ||    19
  Use: Scroll            |       |     7 |     8 |    12 |    10 |     2 ||    39
       Potion            |       |       |       |     2 |     3 |     5 ||    10
 Stab: Sleeping          |     3 |     2 |     3 |     6 |     2 |     2 ||    18
       Distracted        |       |     2 |     3 |     7 |    11 |       ||    23
  Eat: Chunk             |       |     2 |     2 |    15 |    19 |       ||    38
       Royal jelly       |       |     1 |       |       |     4 |     3 ||     8
       Fruit             |       |       |     1 |       |       |     3 ||     4
Armor: Leather armour    |    12 |       |       |     3 |     2 |       ||    17
       Ring mail         |     4 |    93 |    71 |    38 |       |       ||   206
       Skin              |       |       |       |    88 |   295 |   125 ||   508
       Troll leather arm |       |       |       |       |     6 |     2 ||     8
Dodge: Dodged            |    46 |   149 |   187 |   313 |   872 |   331 ||  1898
Block: Buckler           |       |       |       |   141 |   611 |       ||   752
       Shield            |       |       |       |       |    50 |   376 ||   426
       Reflection        |       |       |       |       |       |     2 ||     2
       Rpst.: Falchion   |    11 |    33 |     5 |       |       |       ||    49
       Long sword        |       |       |    23 |       |       |       ||    23

Table legend:
 A = Spawn XP
 B = Non-spawn XP
 C = Spawn XP percentage of total XP
 D = Spawn monster count
 E = Non-spawn monster count
 F = Spawn count percentage of total count
 G = Total turns spent on level
                    A         B        C        D         E        F      G
               +---------+---------+-------+---------+---------+-------+---------
         Total |    9795 |  160599 |   5.7 |      11 |     779 |   1.4 |  9945
               +---------+---------+-------+---------+---------+-------+---------
           D:1 |       0 |      66 |   0.0 |       0 |      32 |   0.0 |   479
           D:2 |       0 |      44 |   0.0 |       0 |      20 |   0.0 |   265
           D:3 |       0 |     149 |   0.0 |       0 |      26 |   0.0 |   573
           D:4 |       0 |     163 |   0.0 |       0 |       6 |   0.0 |   312
           D:5 |       0 |     382 |   0.0 |       0 |      12 |   0.0 |   239
           D:6 |       0 |     523 |   0.0 |       0 |      15 |   0.0 |   223
           D:7 |       0 |    1377 |   0.0 |       0 |      23 |   0.0 |   568
           D:8 |       0 |    1450 |   0.0 |       0 |      32 |   0.0 |   372
           D:9 |       0 |    2583 |   0.0 |       0 |      23 |   0.0 |   507
          D:10 |       0 |    3675 |   0.0 |       0 |      30 |   0.0 |   547
          D:11 |       0 |    6975 |   0.0 |       0 |      25 |   0.0 |   317
          D:12 |       0 |    7203 |   0.0 |       0 |      30 |   0.0 |   586
          D:13 |       0 |    8364 |   0.0 |       0 |      33 |   0.0 |   414
          D:14 |       0 |    3406 |   0.0 |       0 |      33 |   0.0 |   470
          D:15 |       0 |    7473 |   0.0 |       0 |      24 |   0.0 |   352
        Lair:1 |       0 |    4573 |   0.0 |       0 |      37 |   0.0 |   157
        Lair:2 |       0 |    3993 |   0.0 |       0 |      11 |   0.0 |   154
        Lair:3 |       0 |    4050 |   0.0 |       0 |      17 |   0.0 |   298
        Lair:4 |       0 |     109 |   0.0 |       0 |       1 |   0.0 |    99
       Swamp:1 |       0 |    3722 |   0.0 |       0 |      13 |   0.0 |   107
       Swamp:2 |       0 |   16731 |   0.0 |       0 |      31 |   0.0 |   241
       Swamp:3 |       0 |    4286 |   0.0 |       0 |      16 |   0.0 |   161
       Swamp:4 |       0 |   20343 |   0.0 |       0 |      29 |   0.0 |   180
      Spider:1 |       0 |   11752 |   0.0 |       0 |      41 |   0.0 |   175
         Orc:1 |       0 |    4879 |   0.0 |       0 |      34 |   0.0 |   368
         Orc:2 |       0 |   14074 |   0.0 |       0 |      71 |   0.0 |   452
       Abyss:3 |    9795 |   10931 |  47.3 |      11 |      25 |  30.6 |   275
           Lab |       0 |    1058 |   0.0 |       0 |       1 |   0.0 |   286
         Sewer |       0 |     526 |   0.0 |       0 |      35 |   0.0 |   313
         IceCv |       0 |   15739 |   0.0 |       0 |      53 |   0.0 |   451
               +---------+---------+-------+---------+---------+-------+---------

Table legend:
 A = Turns spent in this place as a percentage of turns spent in the entire game.
 B = Non-inter-level travel turns spent in this place as a percentage of non-inter-level travel turns spent in the entire game.
 C = Inter-level travel turns spent in this place as a percentage of turns spent in this place.
 D = Turns resting spent in this place as a percentage of non-inter-level travel turns spent in this place.
 E = Turns spent auto-exploring this place as a percentage of non-inter-level travel turns spent in this place.
 F = Non-inter-level travel turns spent in this place divided by the number of levels of this place that you've seen.
                   A       B       C       D       E      F
               +-------+-------+-------+-------+-------+----------------------
         Total | 100.0 | 100.0 |   3.1 |   0.0 |   0.0 | 301.1
       Dungeon |  62.6 |  62.1 |   3.9 |   0.0 |   0.1 | 398.7
          Lair |   7.1 |   7.4 |   0.0 |   0.0 |   0.0 | 142.0
         Swamp |   6.9 |   7.2 |   0.0 |   0.0 |   0.0 | 172.2
   Spider Nest |   1.8 |   1.8 |   0.0 |   0.0 |   0.0 |  88.5
  Orcish Mines |   8.2 |   7.8 |   8.2 |   0.0 |   0.0 | 376.5
         Abyss |   2.8 |   2.9 |   0.0 |   0.0 |   0.0 | 275.0
     Labyrinth |   2.9 |   3.0 |   0.0 |   1.0 |   0.0 | 286.0
         Sewer |   3.1 |   3.2 |   0.0 |   0.0 |   0.0 | 313.0
      Ice Cave |   4.5 |   4.7 |   0.0 |   0.0 |   0.0 | 451.0
               +-------+-------+-------+-------+-------+----------------------

Table legend:
 A = Kills in this place as a percentage of kills in entire the game.
 B = Kills by you in this place as a percentage of kills by you in the entire game.
 C = Kills by friends in this place as a percentage of kills by friends in the entire game.
 D = Other kills in this place as a percentage of other kills in the entire game.
 E = Experience gained in this place as a percentage of experience gained in the entire game.
 F = Experience gained in this place divided by the number of levels of this place that you have seen.
                   A       B       C       D       E      F
               +-------+-------+-------+-------+-------+----------------------
         Total | 100.0 | 100.0 | 100.0 | 100.0 | 100.0 | 5324.8
       Dungeon |  46.1 |  48.3 |  22.2 |   0.0 |  25.7 | 2922.2
          Lair |   8.4 |   8.4 |   7.9 |   0.0 |   7.5 | 2545.0
         Swamp |  11.3 |   9.4 |  28.6 | 100.0 |  26.5 | 11270.5
   Spider Nest |   5.2 |   3.7 |  22.2 |   0.0 |   6.9 | 5876.0
  Orcish Mines |  13.3 |  12.8 |  19.0 |   0.0 |  11.1 | 9476.5
         Abyss |   4.6 |   5.0 |   0.0 |   0.0 |  12.2 | 20726.0
     Labyrinth |   0.1 |   0.1 |   0.0 |   0.0 |   0.6 | 1058.0
         Sewer |   4.4 |   4.8 |   0.0 |   0.0 |   0.3 | 526.0
      Ice Cave |   6.7 |   7.3 |   0.0 |   0.0 |   9.2 | 15739.0
               +-------+-------+-------+-------+-------+----------------------

Vault maps used:
D:1:      dpeg_arrival_tiny_k
D:2:      led_sif_pool, cheibriados_altar_1, nicolae_qazlal_style_of_elements,
          first_bread, grunt_ashenzari_visionary
D:3:      tso_altar, okawaru_ov_weapons_minmay, portal_sewer_entry_e, uniq_ijyb,
          uniq_jessica
D:4:      lemuel_round_altar, minmay_temple_entry_statues_pillars,
          uniq_blork_the_orc
D:5:      kennysheep_mini, nicolae_ru_great_annihilating_truth
D:6:      uniq_grinder
D:7:      kennysheep_mini_moat, the_bakery
D:8:      lair_entry_dummy, serial_shops, shop
D:9:      grunt_temple_overflow_growth_and_decay,
          nicolae_overflow_crystal_walls, grunt_temple_overflow_open,
          orc_0_dummy, uniq_gastronok, uniq_psyche
D:10:     serial_shops, nicolae_shop_behind_doors, kennysheep_kite_vault
D:11:     minmay_ruined_shrine, uniq_grum, uniq_nergalle
D:12:     cheibrodos_breeding_chamber
D:13:     david_vaults_1, minmay_misc_feat_four_crosses
D:15:     grunt_enter_depths_snipers, enter_trove_1, basic_altar,
          hangedman_abyss_or_decor_passed
Lair:1:   portal_ice_cave_entry_imps, serial_bayou_shore_a, grunt_megastairs_2,
          minmay_lair_oklob_chamber, lemuel_fruit_fields
Lair:2:   lab_entry_generic, cheibrodos_lair_caveside_slide, lemuel_oklob_altar
Lair:3:   swamp_mist
Lair:4:   spider_nest_entry_rubble, grunt_megastairs_3, serial_bayou_shore_b
Lair:5:   minmay_another_anthill, lemuel_fruit_tree, serial_bayou_shore_b
Swamp:1:  evilmike_swamp_ruin_house_6, uniq_josephine
Swamp:2:  serial_swamp_ruin, evilmike_swamp_ruin_house_5,
          evilmike_swamp_ruin_rubble_1, evilmike_swamp_ruin_house_4, uniq_kirke,
          uniq_donald
Swamp:3:  infiniplex_staircase_pool
Swamp:4:  swamp_alternative, uniq_nikola, uniq_jorgrun, uniq_bai_suzhen
Spider:1: nicolae_spider_webbed_stairs, uniq_louise, uniq_aizul
Spider:2: uniq_roxanne
Orc:1:    mines3_lemuel
Orc:2:    grunt_orc_gardens, grunt_orc_garden, grunt_orc_garden,
          grunt_orc_garden, grunt_orc_garden
Lab:      labyrinth_hidden_loot, labyrinth_skeletal_remains
Sewer:    kennysheep_sewer_church
IceCv:    ice_cave_caverns_01
